| TOP OF THE 1ST |
|
Chicago Cubs batting - Pitching for Pittsburgh Pirates : RHP Chris Lincecum II
|
|
Pitching: RHP Chris Lincecum II
|
|
|
Batting: RHB Yasuhide Kasahara
|
0-0: Ball 1-0: Fly out, F9 (Flyball, 9LS, EV 81.3 MPH)
|
|
Batting: LHB Kevin Norton
|
0-0: Foul Ball, location: 2F 0-1: Ball 1-1: Swinging Strike 1-2: SINGLE (Groundball, 4D, EV 101.3 MPH)
|
|
Batting: RHB Efrain Vargas
|
0-0: Foul Ball, location: 2F 0-1: Foul Ball, location: 2F 0-2: Foul Ball, location: 2F 0-2: Strikes out swinging
|
|
Batting: SHB Terry Tuckfard
|
0-0: Ball 1-0: Called Strike 1-1: Ball 2-1: Foul Ball, location: 2F 2-2: Foul Ball, location: 2F 2-2: Strikes out swinging
|
| Top of the 1st over - 0 runs, 1 hit, 0 errors, 1 left on base; Chicago 0 - Pittsburgh 0 |
| BOTTOM OF THE 1ST |
|
Pittsburgh Pirates batting - Pitching for Chicago Cubs : RHP Chris Ishii
|
|
Pitching: RHP Chris Ishii
|
|
|
Batting: RHB Eisse Bravenboer
|
0-0: Swinging Strike 0-1: Swinging Strike 0-2: Strikes out swinging
|
|
Batting: RHB Steve Jordan
|
0-0: Swinging Strike 0-1: Ball 1-1: Called Strike 1-2: SINGLE (Line Drive, 6MD, EV 95.6 MPH)
|
|
Batting: SHB Marvin McAleer
|
0-0: Ball 1-0: Called Strike 1-1: Ball 2-1: Foul Ball, location: 2F 2-2: Foul Ball, location: 2F 2-2: Strikes out swinging
|
|
Batting: LHB Theodore Conboy
|
0-0: Ball 1-0: Ball 2-0: Swinging Strike 2-1: Ball 3-1: Swinging Strike 3-2: Strikes out swinging
|
| Bottom of the 1st over - 0 runs, 1 hit, 0 errors, 1 left on base; Chicago 0 - Pittsburgh 0 |
| TOP OF THE 2ND |
|
Chicago Cubs batting - Pitching for Pittsburgh Pirates : RHP Chris Lincecum II
|
|
Batting: RHB Josh Kalman
|
0-0: Swinging Strike 0-1: Foul Ball, location: 2F 0-2: Ball 1-2: Ball 2-2: Ball 3-2: Hit by Pitch
|
|
Batting: RHB Elijah Campbell
|
0-0: Ball 1-0: Foul Ball, location: 3F, Error on foul ball, E3 1-1: Ball 2-1: Fly out, F7 (Flyball, 7, EV 88.1 MPH)
|
|
Batting: RHB Steve Bui
|
0-0: Ball 1-0: Called Strike 1-1: Ball 2-1: Foul Ball, location: 2F 2-2: Strikes out swinging
|
|
Batting: SHB Art Kent
|
0-0: Called Strike 0-1: Ball 1-1: Ball 2-1: SINGLE (Groundball, 56D, EV 101.3 MPH) Josh Kalman to second
|
|
Batting: RHB Jamie Ogilvie
|
0-0: Ball 1-0: Ball 2-0: Ball 3-0: Called Strike 3-1: Called Strike 3-2: Ground out 5-3 (Groundball, 56S, EV 68.8 MPH)
|
| Top of the 2nd over - 0 runs, 1 hit, 1 error, 2 left on base; Chicago 0 - Pittsburgh 0 |
| BOTTOM OF THE 2ND |
|
Pittsburgh Pirates batting - Pitching for Chicago Cubs : RHP Chris Ishii
|
|
Batting: RHB Tommie Eaton
|
0-0: Swinging Strike 0-1: Swinging Strike 0-2: Ball 1-2: SINGLE (Groundball, 56D, EV 104.4 MPH)
|
|
Batting: RHB Pedro Nin
|
0-0: Ball 1-0: Bunted foul 1-1: Bunted foul 1-2: Grounds into double play, 5-4-3 (Groundball, 56S, EV 81.9 MPH)
|
|
Batting: RHB Mike Thornton
|
0-0: SINGLE (Groundball, 4MD, EV 110.0 MPH)
|
|
Batting: RHB Mike Bates
|
0-0: Called Strike 0-1: Swinging Strike 0-2: Ball 1-2: Foul Ball, location: 2F 1-2: Strikes out swinging
|
| Bottom of the 2nd over - 0 runs, 2 hits, 0 errors, 1 left on base; Chicago 0 - Pittsburgh 0 |
| TOP OF THE 3RD |
|
Chicago Cubs batting - Pitching for Pittsburgh Pirates : RHP Chris Lincecum II
|
|
Batting: RHB Yasuhide Kasahara
|
0-0: Ball 1-0: Foul Ball, location: 2F 1-1: Ball 2-1: Fly out, F8 (Flyball, 8LM, EV 84.4 MPH)
|
|
Batting: LHB Kevin Norton
|
0-0: Ball 1-0: Ball 2-0: Ball 3-0: Called Strike 3-1: SINGLE (Groundball, 34, EV 98.8 MPH)
|
|
Batting: RHB Efrain Vargas
|
0-0: Ball 1-0: Ball 2-0: Ball 3-0: Called Strike 3-1: Foul Ball, location: 2F 3-2: Foul Ball, location: 2F 3-2: Fly out, F9 (Flyball, 9D, EV 88.8 MPH)
|
|
Batting: SHB Terry Tuckfard
|
0-0: Ball 1-0: Foul Ball, location: 2F 1-1: Foul Ball, location: 2F 1-2: Foul Ball, location: 2F 1-2: Ball 2-2: Foul Ball, location: 2F 2-2: Strikes out swinging
|
| Top of the 3rd over - 0 runs, 1 hit, 0 errors, 1 left on base; Chicago 0 - Pittsburgh 0 |
| BOTTOM OF THE 3RD |
|
Pittsburgh Pirates batting - Pitching for Chicago Cubs : RHP Chris Ishii
|
|
Batting: RHB Andrew Robinson
|
0-0: Ball 1-0: Swinging Strike 1-1: Foul Ball, location: 2F 1-2: Strikes out swinging
|
|
Batting: RHB Eisse Bravenboer
|
0-0: Called Strike 0-1: Fly out, F9 (Line Drive, 9, EV 91.9 MPH)
|
|
Batting: RHB Steve Jordan
|
0-0: Called Strike 0-1: Called Strike 0-2: Strikes out swinging
|
| Bottom of the 3rd over - 0 runs, 0 hits, 0 errors, 0 left on base; Chicago 0 - Pittsburgh 0 |
| TOP OF THE 4TH |
|
Chicago Cubs batting - Pitching for Pittsburgh Pirates : RHP Chris Lincecum II
|
|
Batting: RHB Josh Kalman
|
0-0: Called Strike 0-1: Called Strike 0-2: Strikes out looking
|
|
Batting: RHB Elijah Campbell
|
0-0: Ball 1-0: Called Strike 1-1: Foul Ball, location: 2F 1-2: Strikes out swinging
|
|
Batting: RHB Steve Bui
|
0-0: Called Strike 0-1: Swinging Strike 0-2: Ball 1-2: Strikes out looking
|
| Top of the 4th over - 0 runs, 0 hits, 0 errors, 0 left on base; Chicago 0 - Pittsburgh 0 |
| BOTTOM OF THE 4TH |
|
Pittsburgh Pirates batting - Pitching for Chicago Cubs : RHP Chris Ishii
|
|
Batting: SHB Marvin McAleer
|
0-0: Called Strike 0-1: Ball 1-1: Ball 2-1: Foul Ball, location: 2F 2-2: Foul Ball, location: 2F 2-2: Ball 3-2: DOUBLE (Line Drive, 78D, EV 105.6 MPH)
|
|
Batting: LHB Theodore Conboy
|
0-0: Ball 1-0: Ball 2-0: Foul Ball, location: 2F 2-1: Ball 3-1: Ground out 4-3 (Groundball, 4, EV 86.9 MPH) Marvin McAleer to third
|
|
Batting: RHB Tommie Eaton
|
0-0: Called Strike 0-1: Swinging Strike 0-2: Fly out, F7 (Flyball, 7, EV 95.0 MPH)
|
|
Batting: RHB Pedro Nin
|
0-0: Foul Ball, location: 2F 0-1: Ball 1-1: Foul Ball, location: 2F 1-2: Strikes out swinging
|
| Bottom of the 4th over - 0 runs, 1 hit, 0 errors, 1 left on base; Chicago 0 - Pittsburgh 0 |
| TOP OF THE 5TH |
|
Chicago Cubs batting - Pitching for Pittsburgh Pirates : RHP Chris Lincecum II
|
|
Batting: SHB Art Kent
|
0-0: Called Strike 0-1: Ground out 2-3 (Groundball, 15S, EV 67.5 MPH)
|
|
Batting: RHB Jamie Ogilvie
|
0-0: Ball 1-0: Foul Ball, location: 2F 1-1: Fly out, F7 (Line Drive, 7, EV 91.9 MPH)
|
|
Batting: RHB Yasuhide Kasahara
|
0-0: Called Strike 0-1: Fly out, F8 (Flyball, 8LXD, EV 98.1 MPH)
|
| Top of the 5th over - 0 runs, 0 hits, 0 errors, 0 left on base; Chicago 0 - Pittsburgh 0 |
| BOTTOM OF THE 5TH |
|
Pittsburgh Pirates batting - Pitching for Chicago Cubs : RHP Chris Ishii
|
|
Batting: RHB Mike Thornton
|
0-0: Ball 1-0: Ball 2-0: Fly out, F4 (Popup, 34D, EV 53.8 MPH)
|
|
Batting: RHB Mike Bates
|
0-0: Ball 1-0: Ball 2-0: Ball 3-0: Base on Balls
|
|
Batting: RHB Andrew Robinson
|
0-0: Called Strike 0-1: Called Strike 0-2: Ball 1-2: Ball 2-2: Strikes out swinging Mike Bates steals 2nd base (no throw) Batter strikes out.
|
|
Batting: RHB Eisse Bravenboer
|
0-0: Ball 1-0: Swinging Strike 1-1: Ground out 6-3 (Groundball, 6, EV 81.9 MPH)
|
| Bottom of the 5th over - 0 runs, 0 hits, 0 errors, 1 left on base; Chicago 0 - Pittsburgh 0 |
| TOP OF THE 6TH |
|
Chicago Cubs batting - Pitching for Pittsburgh Pirates : RHP Chris Lincecum II
|
|
Batting: LHB Kevin Norton
|
0-0: Ball 1-0: DOUBLE (Flyball, 78D, EV 90.6 MPH)
|
|
Batting: RHB Efrain Vargas
|
0-0: Foul Ball, location: 2F 0-1: Ball Kevin Norton is caught stealing 3rd base 2-5 1-1: Foul Ball, location: 2F 1-2: Foul Ball, location: 2F 1-2: Ball 2-2: SINGLE (Line Drive, 78S, EV 103.1 MPH)
|
|
Batting: SHB Terry Tuckfard
|
0-0: Swinging Strike 0-1: Foul Ball, location: 2F 0-2: Ball 1-2: Ball 2-2: Strikes out swinging
|
|
Batting: RHB Josh Kalman
|
0-0: Called Strike 0-1: Ball 1-1: SINGLE (Groundball, 6, EV 98.8 MPH) Efrain Vargas to second
|
|
Pinch Runner at 2nd Andy Wasierski:
|
|
|
Batting: RHB Elijah Campbell
|
0-0: Called Strike 0-1: Ball 1-1: Called Strike 1-2: Ball 2-2: Strikes out swinging
|
| Top of the 6th over - 0 runs, 3 hits, 0 errors, 2 left on base; Chicago 0 - Pittsburgh 0 |
| BOTTOM OF THE 6TH |
|
Pittsburgh Pirates batting - Pitching for Chicago Cubs : RHP Chris Ishii
|
|
Now at 2B: Andy Wasierski
|
|
|
Now at 3B: Jamie Ogilvie
|
|
|
Batting: RHB Steve Jordan
|
0-0: Ball 1-0: Fly out, F8 (Line Drive, 8LD, EV 89.4 MPH)
|
|
Batting: SHB Marvin McAleer
|
0-0: Called Strike 0-1: Ball 1-1: Ball 2-1: Ground out 4-3 (Groundball, 4M, EV 93.1 MPH)
|
|
Batting: LHB Theodore Conboy
|
0-0: Ball 1-0: Foul Ball, location: 2F 1-1: Ball 2-1: Ball 3-1: SOLO HOME RUN (Flyball, 9D, EV 96.3 MPH), Distance : 395 ft
|
|
Batting: RHB Tommie Eaton
|
0-0: Foul Ball, location: 2F 0-1: Ball 1-1: DOUBLE (Flyball, 8RXD, EV 94.4 MPH)
|
|
Batting: RHB Pedro Nin
|
0-0: Ball 1-0: Called Strike 1-1: Foul Ball, location: 2F 1-2: Ball 2-2: Ball 3-2: Foul Ball, location: 2F 3-2: Foul Ball, location: 2F 3-2: Base on Balls
|
|
Pitching: RHP Tony Ramirez
|
|
|
Batting: RHB Mike Thornton
|
0-0: Called Strike 0-1: Swinging Strike 0-2: Foul Ball, location: 2F 0-2: Strikes out swinging
|
| Bottom of the 6th over - 1 run, 2 hits, 0 errors, 2 left on base; Chicago 0 - Pittsburgh 1 |
| TOP OF THE 7TH |
|
Chicago Cubs batting - Pitching for Pittsburgh Pirates : RHP Chris Lincecum II
|
|
Batting: RHB Steve Bui
|
0-0: Foul Ball, location: 2F 0-1: Ball 1-1: Called Strike 1-2: Ball 2-2: Ball 3-2: SOLO HOME RUN (Flyball, 7LD, EV 95.6 MPH), Distance : 355 ft
|
|
Batting: SHB Art Kent
|
0-0: Foul Ball, location: 2F 0-1: Ground out U3 (Groundball, 3, EV 86.9 MPH)
|
|
Batting: RHB Jamie Ogilvie
|
0-0: Ball 1-0: Ball 2-0: Ball 3-0: Called Strike 3-1: Ground out 5-3 (Groundball, 56S, EV 90.0 MPH)
|
|
Batting: RHB Yasuhide Kasahara
|
0-0: Ball 1-0: Swinging Strike 1-1: Foul Ball, location: 2F 1-2: Foul Ball, location: 2F 1-2: Ball 2-2: DOUBLE (Line Drive, 3D, EV 101.9 MPH)
|
|
Pitching: LHP Tim Wichman
|
|
|
Batting: LHB Kevin Norton
|
0-0: Ball 1-0: Foul Ball, location: 2F 1-1: SINGLE (Flyball, 56D, EV 83.1 MPH) Yasuhide Kasahara to third Runner from 3rd tries for Home, SAFE, throw by LF to home
|
|
Batting: RHB Andy Wasierski
|
0-0: Ball 1-0: Called Strike 1-1: Called Strike 1-2: Strikes out swinging
|
| Top of the 7th over - 2 runs, 3 hits, 0 errors, 1 left on base; Chicago 2 - Pittsburgh 1 |
| BOTTOM OF THE 7TH |
|
Pittsburgh Pirates batting - Pitching for Chicago Cubs : RHP Tony Ramirez
|
|
Batting: RHB Mike Bates
|
0-0: Ground out 3-1 (Groundball, 34, EV 83.1 MPH)
|
|
Batting: RHB Andrew Robinson
|
0-0: Called Strike 0-1: SOLO HOME RUN (Flyball, 7LD, EV 95.0 MPH), Distance : 335 ft
|
|
Batting: RHB Eisse Bravenboer
|
0-0: Called Strike 0-1: Called Strike 0-2: Strikes out swinging
|
|
Batting: RHB Steve Jordan
|
0-0: Ball 1-0: Ball 2-0: Foul Ball, location: 2F 2-1: Foul Ball, location: 2F 2-2: Ball 3-2: Fly out, F9 (Flyball, 9, EV 83.1 MPH)
|
| Bottom of the 7th over - 1 run, 1 hit, 0 errors, 0 left on base; Chicago 2 - Pittsburgh 2 |
| TOP OF THE 8TH |
|
Chicago Cubs batting - Pitching for Pittsburgh Pirates : LHP Tim Wichman
|
|
Batting: SHB Terry Tuckfard
|
0-0: Ball 1-0: Ground out 4-3 (Groundball, 4S, EV 80.0 MPH)
|
|
Batting: RHB Josh Kalman
|
0-0: Called Strike 0-1: DOUBLE (Line Drive, 89D, EV 110.0 MPH)
|
|
Batting: RHB Elijah Campbell
|
0-0: Called Strike 0-1: Foul Ball, location: 2F 0-2: Ball 1-2: DOUBLE (Line Drive, 89D, EV 101.3 MPH) Josh Kalman scores
|
|
Batting: RHB Steve Bui
|
0-0: Intentional Walk
|
|
Batting: SHB Art Kent
|
0-0: Ball 1-0: SINGLE (Groundball, 6S, EV 68.1 MPH) (infield hit) Elijah Campbell to third Steve Bui to second
|
|
Batting: RHB Jamie Ogilvie
|
0-0: Foul Ball, location: 2F 0-1: Ball 1-1: Swinging Strike 1-2: Foul Ball, location: 2F 1-2: Strikes out swinging
|
|
Batting: RHB Yasuhide Kasahara
|
0-0: Ball 1-0: Ball 2-0: Called Strike 2-1: Swinging Strike 2-2: Ball 3-2: Base on Balls Elijah Campbell scores Steve Bui to third Art Kent to second
|
|
Batting: LHB Kevin Norton
|
0-0: Ball 1-0: Foul Ball, location: 2F 1-1: Swinging Strike 1-2: DOUBLE (Flyball, 8LXD, EV 106.9 MPH) Steve Bui scores Art Kent scores Yasuhide Kasahara to third Runner from 3rd tries for Home, SAFE, throw by CF to home
|
|
Pitching: RHP Curt Campbell
|
|
|
Batting: RHB Andy Wasierski
|
0-0: SINGLE (Groundball, 6MD, EV 94.4 MPH) Kevin Norton to third Runner from 3rd tries for Home, SAFE, throw by CF to home Andy Wasierski to second
|
|
Batting: SHB Terry Tuckfard
|
0-0: Called Strike 0-1: Ball 1-1: Called Strike 1-2: Strikes out swinging
|
| Top of the 8th over - 6 runs, 5 hits, 0 errors, 1 left on base; Chicago 8 - Pittsburgh 2 |
| BOTTOM OF THE 8TH |
|
Pittsburgh Pirates batting - Pitching for Chicago Cubs : RHP Tony Ramirez
|
|
Batting: SHB Marvin McAleer
|
0-0: Foul Ball, location: 2F 0-1: TRIPLE (Line Drive, 8RXD, EV 98.1 MPH)
|
|
Batting: LHB Theodore Conboy
|
0-0: Foul Ball, location: 2F 0-1: Swinging Strike 0-2: Ball 1-2: Ground out 4-3 (Groundball, 4, EV 107.5 MPH) Marvin McAleer scores
|
|
Batting: RHB Tommie Eaton
|
0-0: Called Strike 0-1: Called Strike 0-2: Ball 1-2: Strikes out looking
|
|
Batting: RHB Pedro Nin
|
0-0: Ball 1-0: Ball 2-0: Called Strike 2-1: Ball 3-1: Foul Ball, location: 2F 3-2: Base on Balls
|
|
Batting: RHB Mike Thornton
|
0-0: Ball 1-0: Fly out, F7 (Flyball, 78D, EV 90.6 MPH)
|
| Bottom of the 8th over - 1 run, 1 hit, 0 errors, 1 left on base; Chicago 8 - Pittsburgh 3 |
| TOP OF THE 9TH |
|
Chicago Cubs batting - Pitching for Pittsburgh Pirates : RHP Curt Campbell
|
|
Pitching: RHP Steve Grier
|
|
|
Batting: RHB Josh Kalman
|
0-0: Foul Ball, location: 2F 0-1: Foul Ball, location: 2F 0-2: Ball 1-2: Ball 2-2: Ball 3-2: DOUBLE (Line Drive, 78M, EV 88.1 MPH)
|
|
Batting: RHB Elijah Campbell
|
0-0: Ball 1-0: Called Strike 1-1: SINGLE (Groundball, 56D, EV 84.4 MPH) (infield hit) Josh Kalman to third
|
|
Batting: RHB Steve Bui
|
0-0: Swinging Strike 0-1: Called Strike 0-2: Grounds into double play, 5-4-3 (Groundball, 56, EV 90.0 MPH) Josh Kalman scores
|
|
Batting: SHB Art Kent
|
0-0: Fly out, F7 (Flyball, 7, EV 95.6 MPH)
|
| Top of the 9th over - 1 run, 2 hits, 0 errors, 0 left on base; Chicago 9 - Pittsburgh 3 |
| BOTTOM OF THE 9TH |
|
Pittsburgh Pirates batting - Pitching for Chicago Cubs : RHP Tony Ramirez
|
|
Batting: RHB Mike Bates
|
0-0: Foul Ball, location: 2F 0-1: Ball 1-1: SINGLE (Groundball, 6MD, EV 103.1 MPH)
|
|
Pitching: RHP Bryant Bradley
|
|
|
Batting: RHB Andrew Robinson
|
0-0: Ball 1-0: Called Strike 1-1: SINGLE (Flyball, 78S, EV 93.8 MPH) Mike Bates to second
|
|
Batting: RHB Eisse Bravenboer
|
0-0: Ball 1-0: Swinging Strike 1-1: Ball 2-1: Foul Ball, location: 3F, Error on foul ball, E3 2-2: Ball 3-2: Grounds into double play, 6-4-3 (Groundball, 6, EV 83.8 MPH) Mike Bates to third
|
|
Batting: RHB Steve Jordan
|
0-0: Called Strike 0-1: Ground out 6-3 (Groundball, 6MS, EV 71.9 MPH)
|
| Bottom of the 9th over - 0 runs, 2 hits, 1 error, 1 left on base; Chicago 9 - Pittsburgh 3 |
|